Map: Éphémèrion EC

Players

defer

  • Race: Protoss Protoss
  • League: Silver
  • Spawn Location: 5:00

IA (très facile) - Winner!

  • Race: Protoss Protoss
  • Spawn Location: 11:00

VOD

Have the link to the VOD?

Description

Time

  • Played on: Jan. 18, 2020, 8:31 a.m.
  • Length: 4:06
Show
View Real Time Build Order
Export as new Build Order

defer Protoss 

Build Orders: Nexus First 

Get SALT Encoding   

  12  0:00  Probe  
  13  0:13  Probe  
  14  0:18  Pylon  
  14  0:25  Probe  
  15  0:37  Probe  
  16  0:49  Probe  
  17  1:01  Nexus  
  17  1:29  Nexus  
  17  1:35  Probe (Chrono Boost)  
  18  1:46  Gateway  
  19  1:47  Probe (Chrono Boost)  
  19  1:53  Probe (Chrono Boost)  
  20  2:01  Probe (Chrono Boost)  
  20  2:06  Assimilator  
  21  2:10  Assimilator  
  21  2:13  Probe (Chrono Boost)  
  23  2:19  Probe (Chrono Boost)  
  23  2:22  Probe (Chrono Boost)  
  24  2:25  Gateway  
  24  2:26  Probe (Chrono Boost)  
  26  2:31  Probe (Chrono Boost)  
  27  2:38  Probe (Chrono Boost), Cybernetics Core  
  27  2:42  Probe (Chrono Boost)  
  27  2:44  Probe (Chrono Boost)  
  30  2:46  Probe (Chrono Boost)  
  30  2:50  Probe (Chrono Boost)  
  32  2:52  Probe (Chrono Boost)  
  32  2:55  Probe (Chrono Boost)  
  32  2:56  Probe (Chrono Boost)  
  32  2:57  Probe (Chrono Boost)  
  35  2:59  Pylon  
  36  3:06  Probe x2 (Chrono Boost)  
  36  3:11  Probe (Chrono Boost)  
  38  3:18  Probe (Chrono Boost)  
  41  3:20  Probe (Chrono Boost)  
  41  3:25  Probe (Chrono Boost)  
  41  3:26  Probe (Chrono Boost)  
  43  3:27  Pylon  
  43  3:28  Probe (Chrono Boost)  
  43  3:30  Pylon  
  43  3:33  Pylon, Probe (Chrono Boost)  
  43  3:34  Probe x2 (Chrono Boost)  
  46  3:42  Probe  
  46  3:43  Probe  
  46  3:44  Probe  
  50  3:56  Probe (Chrono Boost)  
  50  3:57  Assimilator  
Show
View Real Time Build Order
Export as new Build Order

IA (très facile) Protoss - Winner!

Build Orders:  

Get SALT Encoding   

  12  0:00  Probe  
  13  0:13  Probe  
  14  0:20  Pylon  
  14  0:36  Assimilator  
  14  0:42  Gateway  
  14  0:47  Pylon  
  14  1:16  Assimilator  
  14  1:22  Zealot  
  14  1:24  Probe  
  14  1:32  Probe  
  17  1:34  Cybernetics Core  
  18  1:42  Probe  
  19  1:54  Probe  
  19  1:59  Warp Gate  
  20  2:02  Probe  
  21  2:10  Probe  
  22  2:36  Stalker  
Tags
 
League
Silver
Matchup
PvP
Spawn Locations
Cross Positions
Add a new tag
Caveats
  • Supply blocks, unpowered buildings, or Contaminate may cause inaccurate times.
  • Supply counts are checked every 10 seconds.